 Dungeon Crawl Stone Soup version 0.29-a0-323-g050149af67 (webtiles) character file.

Game seed: 7447179974330617988

251 GigaChad the Slasher (level 5, -11/48 HPs)
             Began as a Minotaur Chaos Knight on Apr 11, 2022.
             Was a Plaything of Xom.
             Mangled by an ogre
             ... wielding a +0 giant club
              (20 damage)
             ... on level 4 of the Dungeon.
             The game lasted 00:07:37 (1962 turns).

GigaChad the Slasher (Minotaur Chaos Knight)        Turns: 1962, Time: 00:07:38

Health: -11/48     AC: 11    Str: 17    XL:     5   Next: 88%
Magic:  4/4        EV:  7    Int:  9    God:    Xom [.....*]
Gold:   141        SH:  0    Dex: 11    Spells: 4/4 levels left

rFire   + . .      SeeInvis .   a - +0 falchion (chaos)
rCold   . . .      Faith    .   (no shield)
rNeg    . . .      Spirit   .   n - +0 chain mail
rPois   .          Reflect  .   (helmet unavailable)
rElec   .          Harm     .   (no cloak)
rCorr   .          Rampage  .   (no gloves)
Will    .....                   (no boots)
Stlth   ..........              (no amulet)
HPRegen 0.16/turn               (no ring)
MPRegen 0.09/turn               (no ring)

@: no status effects
A: horns 3, retaliatory headbutt, iridescent scales 1, fire resistance 1,
evolution 1
a: Renounce Religion


You were on level 4 of the Dungeon.
You worshipped Xom.
You were Xom's teddy bear.
You visited 1 branch of the dungeon, and saw 4 of its levels.

You collected 141 gold pieces.

Inventory:

Hand Weapons
 a - a +0 falchion of chaos (weapon)
Armour
 b - a +2 leather armour
 d - a +0 ring mail
 j - a +1 leather armour of fire resistance
 m - a +0 scale mail
 n - a +0 chain mail (worn)
Magical Staves
 e - a staff of cold
Scrolls
 f - 3 scrolls of identify {unknown}
 g - 3 scrolls of teleportation {unknown}
 l - a scroll of vulnerability {unknown}
 o - a scroll of noise {unknown}
 s - a scroll of summoning {unknown}
Potions
 h - 2 potions of flight {unknown}
 i - a potion of brilliance {unknown}
 k - a potion of lignification {unknown}
 p - a potion of heal wounds {unknown}
 q - a potion of degeneration {unknown}
 r - a potion of curing {unknown}
Miscellaneous
 c - a piece from Xom's chessboard (15/15) (quivered)


   Skills:
 + Level 5.1 Fighting
 + Level 5.6 Long Blades
 + Level 4.4 Armour
 + Level 2.0 Dodging
 + Level 0.1 Stealth


You had 4 spell levels left.
You didn't know any spells.
Your spell library was empty.

Dungeon Overview and Level Annotations

Branches:
Dungeon (3/15)

Altars:
Nemelex Xobeh
Trog

Shops:
D:3 ?


Innate Abilities, Weirdness & Mutations

You have a pair of large horns on your head.
You reflexively headbutt those who attack you in melee.
You are partially covered in iridescent scales. (AC +2)
Your flesh is heat resistant. (rF+)
You have hidden genetic potential.


Message History

You now have 126 gold pieces (gained 20).
You start resting.
HP restored.
You see here a dart slug corpse.
You see here a +0 club.
Things that are here:
a +0 flail; an orc skeleton
s - a scroll labelled UTIKLA YMIRETH You open the door.
There is an open door here.
You now have 141 gold pieces (gained 15). "Just a minor improvement..."
A door slams shut!
You hear a shout!
An ogre comes into view. It is wielding a +0 giant club.
The ogre hits you with a +0 giant club!
You hit the ogre. You headbutt the ogre.
The ogre is lightly wounded.
The ogre hits you with a +0 giant club!
You barely miss the ogre.
The ogre is lightly wounded. "There, this looks better."
A door bursts open!
You barely miss the ogre.
The ogre is lightly wounded.
The ogre hits you with a +0 giant club.
You hit the ogre.
The ogre suddenly seems more agile.
The ogre is moderately wounded.
The ogre completely misses you. You furiously retaliate!
You headbutt the ogre! You closely miss the ogre.
The ogre is severely wounded.
You barely miss the ogre.
The ogre is severely wounded.
The ogre hits you with a +0 giant club!
* * * LOW HITPOINT WARNING * * *
You hit the ogre. You freeze the ogre.
The ogre is almost dead.
The ogre hits you with a +0 giant club!!
You die...
Xom chortles!

#######################
#.........'...........#
#.........#...........#
#.........#...........#
##.......##...........#
##.......##...........#
#..............@O.....#
#...............##....#
#...............# ....#
#.........#......#.......
##..#.###........#.......
##..######........#.....O.
#..##.._..##......#.......
...##..⌠..##......#.......
.###..⌠.⌠..##


You could see an ogre (agile).

Vanquished Creatures
  An ice beast (D:4)
  A jelly (D:4)
  2 gnolls
  3 adders
  A shadow imp (D:4)
  An ufetubus (D:4)
  A dart slug (D:4)
  3 orcs (D:4)
  4 ball pythons
  5 endoplasms
  A giant cockroach (D:1)
  4 goblins
  5 hobgoblins
  4 jackals (D:1)
  6 kobolds
  4 quokkas
  A bat (D:2)
  A frilled lizard (D:1)
  A rat (D:2)
49 creatures vanquished.

Vanquished Creatures (collateral kills)
  2 gnolls (D:2)
2 creatures vanquished.

Grand Total: 51 creatures vanquished

Notes
Turn   | Place    | Note
-------+----------+-------------------------------------------
     0 | D:1      | GigaChad the Minotaur Chaos Knight began the quest for the
                  | Orb.
     0 | D:1      | Reached XP level 1. HP: 19/19 MP: 0/0
    72 | D:1      | XOM: divination: detect creatures
   184 | D:1      | Reached XP level 2. HP: 13/27 MP: 1/1
   303 | D:1      | XOM: divination: magic mapping
   535 | D:2      | Reached XP level 3. HP: 7/33 MP: 2/2
  1005 | D:2      | XOM: summons 3 friendly demons
  1018 | D:2      | Reached XP level 4. HP: 29/41 MP: 3/3
  1132 | D:2      | XOM: god gift: ruby potion {god gift}
  1242 | D:2      | XOM: give mutations
  1242 | D:2      | Gained mutation: You are partially covered in iridescent
                  | scales. (AC +2) [Xom's grace]
  1242 | D:2      | Gained mutation: Your flesh is heat resistant. (rF+) [Xom's
                  | grace]
  1242 | D:2      | Gained mutation: You have hidden genetic potential. [Xom's
                  | grace]
  1314 | D:3      | Found a bloodstained altar of Trog.
  1361 | D:3      | Found Okauloa's Magic Scroll Shoppe.
  1495 | D:3      | You fall into a shaft and drop 1 floor!
  1523 | D:4      | Reached skill level 5 in Long Blades
  1632 | D:4      | XOM: 1-stop teleportation journey
  1643 | D:4      | Noticed an ice beast
  1646 | D:4      | Killed an ice beast
  1647 | D:4      | Reached XP level 5. HP: 22/47 MP: 4/4
  1649 | D:4      | Gained mutation: You have a pair of large horns on your
                  | head. [hidden potential]
  1662 | D:4      | Found a sparkling altar of Nemelex Xobeh.
  1666 | D:4      | Reached skill level 5 in Fighting
  1672 | D:4      | XOM: smoke on damage
  1945 | D:4      | XOM: scenery: 1 doors close
  1945 | D:4      | Noticed an ogre
  1957 | D:4      | XOM: scenery: 1 doors open
  1962 | D:4      | Mangled by an ogre

Illustrated notes

Levels and vault maps discovered:
D:1:      dpeg_arrival_fog, layout_rooms, kennysheep_minor_cross,
          hangedman_feature_mirror, patterned_corridor
D:2:      layout_loops_cross, minivault_4, roderic_roman_lattice,
          kennysheep_generic_room_12
D:3:      layout_loops_ring, trog_three_pillars_becter, serial_aquarium,
          aquarium_bridge_straight [aquarium_subvault_bridge,
          aquarium_subvault_wall, aquarium_subvault_bridge,
          aquarium_subvault_wall], aquarium_bridge_straight
          [aquarium_subvault_bridge, aquarium_subvault_balcony,
          aquarium_subvault_bridge, aquarium_subvault_balcony],
          aquarium_window_2, aquarium_window_1, aquarium_view_2d,
          aquarium_view_2d, aquarium_pool_double, gup_sewer_entry_bubbles,
          serial_shops, shop, basic_ecumenical_altar, st_stairs_2,
          kennysheep_generic_room_3
D:4:      layout_gridville, mainiacjoe_overflow_alcove_2, minmay_ruined_shrine

Skill      XL: |  1  2  3  4  5 |
---------------+----------------+-----
Long Blades    | 4 5 |  5.6
Fighting       | 4 5 |  5.1
Armour         | 3 4 |  4.4
Dodging        | 2 |  2.0
Stealth        | |  0.1

Action                   |  1- 3 |  4- 6 || total
-------------------------+-------+-------++-------
Melee: Falchion          |    71 |    61 ||   132
       Headbutt          |     7 |    13 ||    20
Armor: Ring mail         |    45 |       ||    45
       Chain mail        |    12 |    62 ||    74
Dodge: Dodged            |    54 |    29 ||    83

Table legend: (Time is in decaauts)
 A = Elapsed time spent in this place.
 B = Non-inter-level travel time spent in this place.
 C = Inter-level travel time spent in this place.
 D = Time resting spent in this place.
 E = Time spent auto-exploring this place.
 F = Levels seen in this place.
 G = Mean time per level.
                   A        B        C        D        E       F      G
               +--------+--------+--------+--------+--------+-----+--------+
         Total |   1969 |   1969 |      0 |    495 |    272 |   4 |  492.2 |
       Dungeon |   1969 |   1969 |      0 |    495 |    272 |   4 |  492.2 |
               +--------+--------+--------+--------+--------+-----+--------+

Top non-repeatable levels by time:
     D:2: 816 daAuts
     D:1: 500 daAuts
     D:4: 468 daAuts
     D:3: 185 daAuts
